 Dungeon Crawl Stone Soup version 0.23.2-1-ga50397a (webtiles) character file.

Game seed: 6997015383365866725

58 whitewolfNL the Cudgeler (level 3, 0/51 HPs)
             Began as a Minotaur Berserker on May 25, 2019.
             Was a Believer of Trog.
             Succumbed to an adder's poison
             ... on level 2 of the Dungeon.
             The game lasted 00:02:56 (901 turns).

whitewolfNL the Cudgeler (Minotaur Berserker)        Turns: 901, Time: 00:02:57

Health: 0/51       AC:  5    Str: 26    XL:     3   Next: 76%
Magic:  2/2        EV: 12    Int:  4    God:    Trog [**....]
Gold:   72         SH:  0    Dex: 10    Spells: 2/2 levels left

rFire    . . .     SeeInvis .   a - +0 mace
rCold    . . .     Gourm    .   (no shield)
rNeg     . . .     Faith    .   h - +0 ring mail
rPois    .         Spirit   .   (helmet restricted)
rElec    .         Reflect  .   (no cloak)
rCorr    .         Harm     .   (no gloves)
MR       .....                  (no boots)
Stlth    ..........             (no amulet)
HPRegen  0.17/turn              (no ring)
MPRegen  0.08/turn              (no ring)

@: berserking, lethally poisoned (0 -> -9), very quick
A: retaliatory headbutt, horns 2
a: Berserk, Trog's Hand, Renounce Religion


You were on level 2 of the Dungeon.
You worshipped Trog.
Trog was pleased with you.
You were hungry.

You visited 1 branch of the dungeon, and saw 2 of its levels.

You collected 72 gold pieces.

Inventory:

Hand Weapons
 a - a +0 mace (weapon)
Missiles
 d - 31 stones (quivered)
 e - 18 bolts
 i - 21 arrows
Armour
 h - a +0 ring mail (worn)
Jewellery
 m - an uncursed ring of protection from cold {unknown}
Scrolls
 b - 2 scrolls of identify {unknown}
 f - 3 scrolls of remove curse {unknown}
 j - a scroll of enchant armour {unknown}
 k - a scroll of amnesia {unknown}
Potions
 l - a potion of mutation {unknown}
Comestibles
 c - 4 rations
 g - 2 chunks of flesh


   Skills:
 * Level 4.3 Fighting
 * Level 4.3 Maces & Flails
 + Level 1.0 Throwing
 + Level 2.8 Armour
 + Level 2.6 Dodging


You had 2 spell levels left.
You didn't know any spells.
Your spell library was empty.

Dungeon Overview and Level Annotations

Branches:
Dungeon (2/15)

Altars:
Fedhas
Gozag
Hepliaklqana
Kikubaaqudgha
Makhleb
Sif Muna


Innate Abilities, Weirdness & Mutations

You reflexively headbutt those who attack you in melee.
You have a pair of horns on your head.


Message History

* * * LOW HITPOINT WARNING * * *
You feel sick. The adder bites you.
* * * LOW HITPOINT WARNING * * *
The adder bites you but does no damage.
Unknown command.
A red film seems to cover your vision as you go berserk!
You feel yourself moving faster!
You feel mighty!
You are feeling hungry.
* * * LOW HITPOINT WARNING * * *
You feel sick. The adder bites you.
* * * LOW HITPOINT WARNING * * *
You are more poisoned.
The adder poisons you!
You hit the adder.
You kill the adder!
Trog accepts your kill.
Your Throwing skill increases to level 1!
* * * LOW HITPOINT WARNING * * *
You feel sick.
You die...

#.........
#._..8.._ #........
#._.... ###########
..._.. #.....#....
...# ####........##
#†## #...........##
#.@###.###'###...#.
#......# #.# #..##.
##.##..###.###.....
#.###.###_..+..##.
#.# #.###.###..##.
#.# #.# #.# #..##.
#.# #.###'###.....
#.# #.........###.
#.....###..#......


There were no monsters in sight!

Vanquished Creatures
  2 adders (D:2)
  A worm (D:2)
  3 dart slugs
  A leopard gecko (D:1)
  3 ball pythons
  A giant cockroach (D:2)
  3 goblins
  5 hobgoblins
  3 kobolds
  4 bats
  3 frilled lizards
  3 rats
32 creatures vanquished.

Notes
Turn   | Place    | Note
-------+----------+-------------------------------------------
     0 | D:1      | whitewolfNL the Minotaur Berserker began the quest for the
                  | Orb.
     0 | D:1      | Reached XP level 1. HP: 19/19 MP: 0/0
   124 | D:1      | Reached XP level 2. HP: 26/27 MP: 1/1
   627 | D:2      | Reached XP level 3. HP: 33/33 MP: 2/2
   650 | D:2      | Found a hazy altar of Hepliaklqana.
   754 | D:2      | Reached ** piety under Trog
   779 | D:2      | Found a deep blue altar of Sif Muna.
   885 | D:2      | Found an opulent altar of Gozag.
   886 | D:2      | Found a blossoming altar of Fedhas.
   886 | D:2      | Found a burning altar of Makhleb.
   889 | D:2      | Found an ancient bone altar of Kikubaaqudgha.
   899 | D:2      | HP: 2/49 [poisoned by an adder]
   900 | D:2      | Reached skill level 1 in Throwing
   901 | D:2      | Succumbed to an adder's poison

Skill      XL: |  1  2  3 |
---------------+----------+-----
Maces & Flails | 4 |  4.3
Fighting       | 4 |  4.3
Throwing       | 1 |  1.0
Armour         | |  2.8
Dodging        | |  2.6

Action                   || total
-------------------------++-------
Melee: Mace              ||    63
       Headbutt          ||     8
Invok: Berserk           ||     1
Armor: Animal skin       ||     2
       Ring mail         ||    22
Dodge: Dodged            ||    41
